 Dungeon Crawl Stone Soup version 0.31-a0-217-g58bb5d79cf (webtiles) character file.

Game seed: 16956025973778312588

171 qw the Chopper (level 5, -1/32 HPs)
             Began as a Gargoyle Fighter on July 2, 2023.
             Was an Initiate of Okawaru.
             Slain by a goblin
             ... wielding a +0 club
              (3 damage)
             ... on level 4 of the Dungeon.
             The game lasted 00:01:10 (2830 turns).

qw the Chopper (Gargoyle Fighter)                   Turns: 2830, Time: 00:01:11

Health: -1/32      AC: 15    Str: 21    XL:     5   Next: 51%
Magic:  5/5        EV:  4    Int:  9    God:    Okawaru [......]
Gold:   93         SH:  4    Dex:  9    Spells: 4/4 levels left

rFire   . . .        Y - +0 war axe
rCold   . . .        c - +0 buckler
rNeg    + . .        l - +0 chain mail
rPois   inf          (no helmet)
rElec   +            (no cloak)
rCorr   .            i - +0 pair of gloves
SInv    .            b - +0 pair of boots
Will    .....        h - amulet of faith Stlth
                     (no ring)
HPRegen 0.25/turn    (no ring)
MPRegen 0.09/turn

%: faith
@: grasped by roots, constricted
A: sickness immunity, AC +4, negative energy resistance 1, electricity
resistance, torment resistance 1, petrification resistance
a: Renounce Religion


You were on level 4 of the Dungeon.
You worshipped Okawaru.
Okawaru was noncommittal.
You visited 2 branches of the dungeon, and saw 5 of its levels.

You collected 93 gold pieces.


Innate Abilities, Weirdness & Mutations

You are immune to sickness and miasma.
Your stone body is resilient. (AC +4)
You are immune to poison.
You resist negative energy. (rN+)
You are resistant to electric shocks. (rElec)
You are resistant to unholy torment.
You are immune to petrification.


   Skills:
 - Level 3.2 Fighting
 + Level 4.9 Axes
 - Level 1.0 Throwing
 - Level 3.2 Armour
 - Level 3.2 Shields


You had 4 spell levels left.
You didn't know any spells.
Your spell library was empty.

Inventory:

Hand Weapons
 m - a +0 mace
 Y - a +0 war axe (weapon)
Armour
 b - a +0 pair of boots (worn)
 c - a +0 buckler (worn)
 i - a +0 pair of gloves (worn)
 l - a +0 chain mail (worn)
Jewellery
 h - an amulet of faith (around neck)
 j - a ring of ice
Scrolls
 a - a scroll of identify
Potions
 d - a potion of might
 f - a potion of resistance
 g - a potion of lignification
 k - a potion of heal wounds {unknown}
 o - a potion of invisibility {unknown}

Dungeon Overview and Level Annotations

Branches:
Dungeon (4/15)             Temple (1/1) D:4

Altars:
Ashenzari
Cheibriados
Dithmenos
Elyvilon
Gozag
Okawaru
Qazlal
Ru
Sif Muna
Trog
Wu Jian
Xom
Yredelemnul

Shops:
D:1 !

Annotations:
D:4 Ijyb


Message History

The adder bites you. Ijyb completely misses you. You block the adder's attack.
You hit Ijyb but do no damage.
Ijyb is heavily wounded.
You closely miss the adder. The adder bites you but does no damage.
Ijyb barely misses you. The adder bites you but does no damage.
You closely miss Ijyb.
Ijyb is heavily wounded.
You barely miss the adder. Ijyb hits you but does no damage.
The adder closely misses you.
Ijyb zaps a wand.
The roots erupt in riotous growth!
The grasping roots grab you!
Ijyb is unaffected.
The adder is unaffected.
The grasping roots constrict you.
You hear a shout!
You hear an angry hiss.
You closely miss Ijyb.
Ijyb is heavily wounded.
You hit the adder. The adder bites you but does no damage. The adder bites you.
Ijyb hits you with a +0 dagger. The grasping roots constrict you.
You miss the adder.
The adder is almost dead.
You closely miss the orc. You closely miss Ijyb. You barely miss the goblin.
The adder bites you but does no damage. Ijyb hits you but does no damage.
The grasping roots constrict you. The orc hits you with a +0 hand axe.
The goblin hits you but does no damage. The adder bites you but does no damage.
The grasping roots release their grip on you.
You miss the adder.
The adder is almost dead.
You barely miss the orc. You hit Ijyb but do no damage.
You barely miss the goblin.
A goblin comes into view.
It is wielding a +2 dagger of electrocution.
Ijyb screams, "Level is mine!
All mine!"
Ijyb hits you with a +0 dagger. The orc completely misses you.
The goblin hits you but does no damage. The adder closely misses you.
Ijyb zaps a wand.
The roots erupt in riotous growth!
The grasping roots grab you!
The goblin is unaffected.
The orc is unaffected.
Ijyb is unaffected.
The adder is unaffected.
The grasping roots constrict you. The goblin hits you with a +0 club.
You die...

###.?.....# ###
#....#...## ..:..
##.#......##......
#..#..............
#....##.##......
##.....#.# ......
#.......<.##......
#......(..og......
#.........@g....g(
...........)S....$.
P..................
...................
...............#..
##.#..........# .
#.#.>.......#[
............#


You could see Ijyb, an adder, an orc and 2 goblins.

Vanquished Creatures
  A howler monkey (D:4)
  An iguana (D:3)
  3 adders
  3 worms (D:3)
  A dart slug (D:2)
  3 orcs (D:4)
  2 ball pythons (D:1)
  5 bats
  13 endoplasms
  A giant cockroach (D:1)
  6 goblins
  5 hobgoblins
  6 jackals (D:1)
  4 quokkas
  2 frilled lizards (D:1)
  4 kobolds
  2 rats (D:2)
  A butterfly (D:4)
63 creatures vanquished.

Notes
Turn   | Place    | Note
-------+----------+-------------------------------------------
     0 | D:1      | qw the Gargoyle Fighter began the quest for the Orb.
     0 | D:1      | Reached XP level 1. HP: 14/14 MP: 1/1
     0 | D:1      | 0 ||| qw: Version: 0.3-a-40-ge99b1a8
     0 | D:1      | 0 ||| qw: Game counter: 193
     0 | D:1      | 0 ||| qw: Melee chars always use a shield: true
     0 | D:1      | 0 ||| qw: God list: Okawaru
     0 | D:1      | 0 ||| qw: Allow faded altars: false
     0 | D:1      | 0 ||| qw: Do Orc after clearing Dungeon:15 true
     0 | D:1      | 0 ||| qw: Do second Lair branch before Depths: true
     0 | D:1      | 0 ||| qw: Lair rune preference: random
     0 | D:1      | 0 ||| qw: Goals: Normal, Zot:1-4, Slime:5, God:TSO, Crypt,
                  | Tomb, Abyss, Pan, Hells, Win
     0 | D:1      | 0 ||| PLANNING D:1-11
    19 | D:1      | Noticed a minotaur skeleton
    39 | D:1      | Found Joovenk's Distillery.
    48 | D:1      | 48 ||| SHOPLISTING potion of cancellation (112 gold, have
                  | 0).
    48 | D:1      | 48 ||| SHOPLISTING potion of curing (42 gold, have 0).
    48 | D:1      | 48 ||| SHOPLISTING potion of might (56 gold, have 0).
    48 | D:1      | 48 ||| SHOPLISTING potion of mutation (112 gold, have 0).
    70 | D:1      | Reached skill level 2 in Axes
   330 | D:1      | Reached XP level 2. HP: 19/19 MP: 2/2
   524 | D:1      | 524 ||| Stepping ~*~*~tactically~*~*~ (stealth).
   527 | D:1      | 527 ||| Stepping ~*~*~tactically~*~*~ (stealth).
   538 | D:1      | 538 ||| Stepping ~*~*~tactically~*~*~ (stealth).
   542 | D:1      | 542 ||| Stepping ~*~*~tactically~*~*~ (stealth).
   593 | D:1      | Reached skill level 3 in Axes
   691 | D:1      | Reached XP level 3. HP: 23/23 MP: 3/3
   715 | D:1      | 715 ||| Stepping ~*~*~tactically~*~*~ (stealth).
   849 | D:1      | Reached skill level 1 in Throwing
   944 | D:1      | 944 ||| UPGRADING to +0 chain mail.
   954 | D:1      | 954 ||| DROPPING +0 scale mail.
   955 | D:1      | 955 ||| UPGRADING to amulet of faith.
   960 | D:1      | 960 ||| DROPPING ring of flight.
   961 | D:1      | 961 ||| READING scroll labelled PIADES FIKU.
  1062 | D:1      | 1062 ||| DRINKING 2 red potions.
  1179 | D:2      | Found a faded altar of an unknown god.
  1297 | D:2      | Reached XP level 4. HP: 28/28 MP: 4/4
  1474 | D:2      | 1474 ||| Stepping ~*~*~tactically~*~*~ (stealth).
  1476 | D:2      | 1476 ||| Stepping ~*~*~tactically~*~*~ (stealth).
  1477 | D:2      | 1477 ||| Stepping ~*~*~tactically~*~*~ (stealth).
  1610 | D:2      | 1610 ||| Stepping ~*~*~tactically~*~*~ (hiding).
  1877 | D:2      | 1877 ||| UPGRADING to +0 pair of boots.
  1882 | D:2      | 1882 ||| DROPPING amulet of guardian spirit.
  1883 | D:2      | 1883 ||| READING 2 scrolls labelled GIHISCHO HEDGHE.
  1884 | D:2      | 1884 ||| READING scroll labelled QIMICSUGYN.
  1885 | D:2      | 1885 ||| READING scroll labelled YMAJIJ WUFFIRO.
  2195 | D:3      | Reached skill level 4 in Axes
  2524 | D:3      | 2524 ||| DROPPING +0 whip.
  2588 | D:3      | 2588 ||| UPGRADING to +0 pair of gloves.
  2593 | D:3      | 2593 ||| READING 2 scrolls of identify.
  2593 | D:3      | 2593 ||| IDENTIFYING smoky red potion
  2599 | D:4      | Found a staircase to the Ecumenical Temple.
  2600 | D:4      | 2600 ||| PLANNING TEMPLE
  2600 | D:4      | 2600 ||| STAIRDANCE
  2615 | Temple   | Entered the Ecumenical Temple
  2637 | Temple   | 2637 ||| PLANNING OKAWARU WORSHIP
  2774 | Temple   | Became a worshipper of Warmaster Okawaru
  2775 | Temple   | 2775 ||| PLANNING D:1-11
  2809 | D:4      | Reached XP level 5. HP: 31/32 MP: 5/5
  2816 | D:4      | Noticed Ijyb
  2828 | D:4      | HP: 7/32 [Ijyb/+0 dagger (2)]
  2830 | D:4      | HP: 2/32 [Ijyb/+0 dagger (3)]
  2830 | D:4      | Slain by a goblin

Levels and vault maps discovered:
D:1:      shiori_arrival_whats_in_store_for_you, layout_basic, serial_shops,
          shop
D:2:      layout_basic, shapermc_ecumenical_altar_rom_forum
D:3:      layout_loops_ring
D:4:      kennysheep_the_goblin_king, layout_rooms, fedhas_altar_1,
          minmay_temple_entry_butterflies, lemuel_flame_loot_1,
          uniq_blork_the_orc
Temple:   hellmonk_temple_forest_ring

Skill      XL: |  1  2  3  4 |
---------------+-------------+-----
Axes           | 2 3 4 |  4.9
Throwing       | 1 |  1.0
Fighting       | |  3.2
Armour         | |  3.2
Shields        | |  3.2

Action                     |  1- 3 |  4- 6 || total
---------------------------+-------+-------++-------
  Melee: War axe           |    79 |    57 ||   136
  Throw: Javelin           |    26 |    18 ||    44
    Use: Scroll            |     1 |     4 ||     5
         Potion            |     1 |       ||     1
 Armour: Scale mail        |    47 |       ||    47
         Chain mail        |    12 |    44 ||    56
  Dodge: Dodged            |    34 |    19 ||    53
  Block: Buckler           |    24 |    10 ||    34

Table legend:
 A = Non-vault XP
 B = Vault XP
 C = Vault XP percentage of total XP
 D = Non-vault monster count
 E = Vault monster count
 F = Vault count percentage of total count
                 A         B        C        D         E       F
            +---------+---------+-------+---------+---------+-------
      Total |     241 |       4 |   1.6 |      59 |       3 |   4.8
            +---------+---------+-------+---------+---------+-------
        D:1 |      47 |       0 |   0.0 |      25 |       0 |   0.0
        D:2 |      49 |       0 |   0.0 |      14 |       0 |   0.0
        D:3 |      64 |       0 |   0.0 |      11 |       0 |   0.0
        D:4 |      81 |       4 |   4.7 |       9 |       3 |  25.0
            +---------+---------+-------+---------+---------+-------
